[Event "NED-ch U14 Girls 2019"]
[Site "Assen"]
[Date "2019.04.28"]
[Round "1.1"]
[White "Huang, Wendy"]
[Black "Maris, Lauri"]
[Result "1-0"]
[ECO "C54"]
[WhiteElo "1586"]
[BlackElo "1265"]
[Annotator "NA"]
[PlyCount "77"]
[EventDate "2019.04.27"]
[EventType "swiss"]
[EventCountry "NED"]
[SourceTitle "playchess.com"]
[Source "ChessBase"]
[SourceQuality "1"]
[TimeControl "5400+30"]

1. e4 e5 2. Nf3 Nc6 3. Bc4 Bc5 4. c3 Nf6 5. d3 h6 6. Nbd2 d6 7. O-O O-O 8. Re1 Ng4 9. Re2 Bd7 10. h3 Nf6 11. b4 Bb6 12. a4 a6 13. Nf1 Ne7 14. Nh4 Qc8 15. Be3 Ba7 16. Bxa7 Rxa7 17. Re3 Kh7 18. d4 Be6 19. Bd3 Kh8 20. Ng3 Ra8 21. Qd2 Bd7 22. Rf3 Qe8 23. Rxf6 Kh7 24. Rf3 Bxa4 25. Nhf5 Nxf5 26. Nxf5 Bd7 27. Rg3 Bxf5 28. exf5 f6 29. Bc2 Qf7 30. Qd1 Rad8 31. Bb3 Qe8 32. Qg4 Qe7 33. Qg6+ Kh8 34. Be6 Rb8 35. Re1 b5 36. d5 Ra8 37. Re4 Ra7 38. Rh4 Rd8 39. Rxh6+ 1-0

[Event "NED-ch U14 Girls 2019"]
[Site "Assen"]
[Date "2019.04.28"]
[Round "1.2"]
[White "Bruggink, Lyne"]
[Black "Cordes, Jule"]
[Result "1/2-1/2"]
[ECO "C84"]
[WhiteElo "1425"]
[BlackElo "1564"]
[Annotator "NA"]
[PlyCount "89"]
[EventDate "2019.04.27"]
[EventType "swiss"]
[EventCountry "NED"]
[SourceTitle "playchess.com"]
[Source "ChessBase"]
[SourceQuality "1"]
[TimeControl "5400+30"]

1. e4 e5 2. Nf3 Nc6 3. Bb5 a6 4. Ba4 Nf6 5. d3 b5 6. Bb3 Be7 7. O-O O-O 8. Nc3 d6 9. Nd5 Na5 10. Nxe7+ Qxe7 11. h3 h6 12. c3 Be6 13. Bc2 c5 14. b3 Rfe8 15. Bb2 Qc7 16. d4 Rac8 17. Rc1 Bd7 18. d5 c4 19. b4 Nb7 20. a4 Ra8 21. a5 Nh5 22. Nh2 Nf4 23. Ra1 Qd8 24. Qf3 Qg5 25. Kh1 f5 26. Bc1 fxe4 27. Bxe4 Qe7 28. Bxf4 exf4 29. Rfe1 Qf6 30. Rac1 Nd8 31. g3 fxg3 32. Qxg3 Nf7 33. Nf3 Re7 34. Re3 Rae8 35. Rce1 Ne5 36. Nxe5 Rxe5 37. Bg2 Rxe3 38. Rxe3 Rxe3 39. Qxe3 Bc8 40. Qe8+ Qf8 41. Qe3 Qf7 42. Qb6 Qe7 43. Qd4 Kh8 44. Qb6 Qf8 45. Qb8 1/2-1/2

[Event "NED-ch U14 Girls 2019"]
[Site "Assen"]
[Date "2019.04.28"]
[Round "1.3"]
[White "Verheij, Dana"]
[Black "Velasco, Kathleen"]
[Result "0-1"]
[ECO "C54"]
[WhiteElo "1377"]
[BlackElo "1306"]
[Annotator "NA"]
[PlyCount "84"]
[EventDate "2019.04.27"]
[EventType "swiss"]
[EventCountry "NED"]
[SourceTitle "playchess.com"]
[Source "ChessBase"]
[SourceQuality "1"]
[TimeControl "5400+30"]

1. e4 e5 2. Nf3 Nc6 3. Bc4 Bc5 4. c3 Nf6 5. d4 exd4 6. e5 d5 7. Bb5 Ne4 8. cxd4 Bb4+ 9. Bd2 Nxd2 10. Nbxd2 Bg4 11. Qb3 Bxf3 12. Bxc6+ bxc6 13. Qxb4 Bg4 14. O-O Rb8 15. Qc5 Qd7 16. Qxa7 O-O 17. Nb3 Qe7 18. Rfc1 Rb6 19. Na5 Qd7 20. Rc2 Bf5 21. Rc3 Rxb2 22. Rxc6 Rfb8 23. Nb3 Rc8 24. Rac1 Re2 25. Qa6 Rb2 26. Qb7 Re2 27. a4 Qd8 28. Qa6 Rb2 29. R6c3 Rb8 30. Nc5 Rb1 31. h3 Rxc1+ 32. Rxc1 Bxh3 33. Rc3 Rb1+ 34. Kh2 Bc8 35. Qc6 Bf5 36. g3 Rb6 37. Nb7 Rxc6 38. Nxd8 Rxc3 39. a5 Bc8 40. f4 Kf8 41. f5 Ke8 42. f6 gxf6 0-1

[Event "NED-ch U14 Girls 2019"]
[Site "Assen"]
[Date "2019.04.28"]
[Round "1.4"]
[White "Bogouslavskii, Veronique"]
[Black "Honkoop, Stella"]
[Result "0-1"]
[ECO "E97"]
[WhiteElo "1247"]
[BlackElo "1629"]
[Annotator "NA"]
[PlyCount "88"]
[EventDate "2019.04.27"]
[EventType "swiss"]
[EventCountry "NED"]
[SourceTitle "playchess.com"]
[Source "ChessBase"]
[SourceQuality "1"]
[TimeControl "5400+30"]

1. d4 Nf6 2. c4 g6 3. Nc3 Bg7 4. Nf3 d6 5. e4 O-O 6. Be2 Ne8 7. O-O f5 8. Be3 f4 9. Bc1 e6 10. b3 Bd7 11. Qc2 Nc6 12. Rd1 Qc8 13. Bb2 e5 14. d5 Nd8 15. Rac1 Nf6 16. Ba3 b6 17. b4 a5 18. b5 Nf7 19. Qd2 Bh6 20. Rb1 Kh8 21. Qd3 g5 22. Kf1 Rg8 23. Bc1 Qd8 24. h3 g4 25. hxg4 Nxg4 26. Ke1 Ng5 27. Kd2 Nxf2 28. Qc2 Nxd1 29. Qxd1 Nxf3+ 30. Bxf3 Qh4 31. Qe2 Bg4 32. Kc2 Bxf3 33. Qxf3 Rg3 34. Qf1 Rag8 35. Bd2 Rxg2 36. Qh1 Rh2 37. Qe1 Qxe1 38. Rxe1 Rgg2 39. Nb1 f3 40. Rd1 f2 41. Kc3 Rg1 42. Rxg1 fxg1=Q 43. a4 Qxb1 44. Bxh6 Qc2# 0-1

[Event "NED-ch U14 Girls 2019"]
[Site "Assen"]
[Date "2019.04.28"]
[Round "1.5"]
[White "Den Heijer, Rolinde"]
[Black "Jonkman Inza, Amelia Marry"]
[Result "1-0"]
[ECO "C01"]
[WhiteElo "1423"]
[BlackElo "1132"]
[Annotator "NA"]
[PlyCount "99"]
[EventDate "2019.04.27"]
[EventType "swiss"]
[EventCountry "NED"]
[SourceTitle "playchess.com"]
[Source "ChessBase"]
[SourceQuality "1"]
[TimeControl "5400+30"]

1. e4 e6 2. d4 d5 3. exd5 exd5 4. Nf3 Nf6 5. Bf4 c6 6. Nbd2 Nbd7 7. Bd3 Be7 8. O-O O-O 9. Re1 Re8 10. c3 Nf8 11. h3 Ng6 12. Be5 Bd7 13. Qc2 Rc8 14. Bh2 b6 15. Ba6 Ra8 16. Bb7 Rb8 17. Ba6 Ra8 18. a4 Bc8 19. Bd3 Bb7 20. Ne5 Nf8 21. a5 bxa5 22. Qa4 Qb6 23. b3 Rac8 24. Qxa5 Qxa5 25. Rxa5 Ra8 26. Rea1 Ne6 27. Rxa7 Rxa7 28. Rxa7 Ba8 29. b4 g6 30. b5 Nd8 31. Rxa8 Bd6 32. Nxc6 Nb7 33. Rxe8+ Nxe8 34. Bxd6 Nexd6 35. Ne7+ Kg7 36. Nxd5 f5 37. Kf1 Kf7 38. Ke2 Ke6 39. c4 h6 40. Nb3 Nf7 41. Nc5+ Nxc5 42. dxc5 Kd7 43. Ke3 Ne5 44. Kd4 Nf7 45. Nf4 g5 46. Bxf5+ Ke7 47. Nd5+ Ke8 48. Bg6 Kf8 49. Bxf7 Kxf7 50. b6 1-0

[Event "NED-ch U14 Girls 2019"]
[Site "Assen"]
[Date "2019.04.28"]
[Round "1.6"]
[White "Tangarife Ramirez, Katja"]
[Black "Mensing, Luana"]
[Result "0-1"]
[ECO "D02"]
[WhiteElo "1348"]
[BlackElo "1549"]
[Annotator "NA"]
[PlyCount "104"]
[EventDate "2019.04.27"]
[EventType "swiss"]
[EventCountry "NED"]
[SourceTitle "playchess.com"]
[Source "ChessBase"]
[SourceQuality "1"]
[TimeControl "5400+30"]

1. d4 d5 2. Bf4 e6 3. e3 Nf6 4. Nf3 c6 5. Bd3 Be7 6. h3 Nbd7 7. O-O O-O 8. c3 b6 9. Nbd2 Bb7 10. Rc1 Rc8 11. e4 dxe4 12. Nxe4 Nxe4 13. Bxe4 Nf6 14. Bd3 c5 15. Re1 Bxf3 16. Qxf3 cxd4 17. Ba6 Rc5 18. Red1 e5 19. b4 e4 20. Qg3 Rd5 21. Bc4 Rf5 22. Bh6 Nh5 23. Qg4 Qc8 24. Rxd4 Kh8 25. Qxe4 Bf6 26. Ba6 Qe6 27. g4 Re5 28. Qd3 Re1+ 29. Rxe1 Qxe1+ 30. Kg2 Bxd4 31. Qxd4 Nf6 32. f3 Qe7 33. g5 gxh6 34. Qxf6+ Qxf6 35. gxf6 Rg8+ 36. Kf2 Rg6 37. c4 Rxf6 38. c5 bxc5 39. Bc4 cxb4 40. Ke2 a5 41. Bb3 Kg7 42. Ba4 Rg6 43. Ke3 Rg2 44. Bb3 Rh2 45. h4 Rxh4 46. f4 Rh2 47. f5 h5 48. Kd3 h4 49. Ke3 h3 50. Bc4 Rb2 51. Bd5 h2 52. Kf4 Rxa2 0-1

[Event "NED-ch U14 Girls 2019"]
[Site "Assen"]
[Date "2019.04.28"]
[Round "1.7"]
[White "Morote, Luna"]
[Black "Ubbink, Anouk"]
[Result "1-0"]
[ECO "B76"]
[WhiteElo "1360"]
[BlackElo "1304"]
[Annotator "NA"]
[PlyCount "55"]
[EventDate "2019.04.27"]
[EventType "swiss"]
[EventCountry "NED"]
[SourceTitle "playchess.com"]
[Source "ChessBase"]
[SourceQuality "1"]
[TimeControl "5400+30"]

1. e4 c5 2. Nf3 d6 3. d4 cxd4 4. Nxd4 Nf6 5. Nc3 g6 6. Be3 Bg7 7. f3 O-O 8. Qd2 Bd7 9. O-O-O Nc6 10. g4 Nxd4 11. Bxd4 Qc7 12. h4 Rfc8 13. h5 b5 14. Bxf6 Bxf6 15. Nd5 Qc5 16. Nxf6+ exf6 17. Bd3 g5 18. h6 Be6 19. Kb1 a5 20. Rhg1 b4 21. f4 a4 22. fxg5 fxg5 23. Rg2 b3 24. a3 bxc2+ 25. Bxc2 Rab8 26. Qxd6 Qb5 27. Qd4 Qc6 28. Qg7# 1-0

[Event "NED-ch U14 Girls 2019"]
[Site "Assen"]
[Date "2019.04.28"]
[Round "1.8"]
[White "Molanus, Eva"]
[Black "Yeh, Nora"]
[Result "0-1"]
[ECO "D35"]
[WhiteElo "1258"]
[BlackElo "1529"]
[Annotator "NA"]
[PlyCount "104"]
[EventDate "2019.04.27"]
[EventType "swiss"]
[EventCountry "NED"]
[SourceTitle "playchess.com"]
[Source "ChessBase"]
[SourceQuality "1"]
[TimeControl "5400+30"]

1. d4 d5 2. c4 e6 3. Nc3 Nf6 4. cxd5 exd5 5. Bg5 Be7 6. Nf3 O-O 7. e3 c5 8. Be2 Nc6 9. dxc5 Be6 10. Nd4 Bxc5 11. O-O Nxd4 12. exd4 Be7 13. Re1 h6 14. Bh4 Ne4 15. Bxe7 Qxe7 16. Bg4 Qh4 17. Nxe4 Bxg4 18. g3 Qh3 19. f3 dxe4 20. fxg4 Rfe8 21. Rf1 g6 22. Qb3 Re7 23. Rf6 Kg7 24. Raf1 Rf8 25. Qb4 Rd7 26. Qb5 Re7 27. Qc5 Rd7 28. Qe5 Kg8 29. Qxe4 h5 30. R1f4 Rc7 31. gxh5 Rc1+ 32. Rf1 Rxf1+ 33. Rxf1 Qxh5 34. Qxb7 Qa5 35. a3 Qd2 36. Qb4 Qe3+ 37. Rf2 Qc1+ 38. Kg2 Qc6+ 39. Rf3 Qc2+ 40. Kh3 Kg7 41. g4 Rh8+ 42. Kg3 Qc7+ 43. Rf4 g5 44. d5 Qxf4+ 45. Qxf4 gxf4+ 46. Kxf4 Rxh2 47. d6 f6 48. Kf5 Kf7 49. d7 Rd2 50. b4 Rxd7 51. a4 Rd4 52. b5 Rxa4 0-1

[Event "NED-ch U14 Girls 2019"]
[Site "Assen"]
[Date "2019.04.28"]
[Round "1.9"]
[White "Maris, Evi"]
[Black "Venema, Katja"]
[Result "1-0"]
[ECO "C50"]
[WhiteElo "1504"]
[BlackElo "1166"]
[Annotator "NA"]
[PlyCount "83"]
[EventDate "2019.04.27"]
[EventType "swiss"]
[EventCountry "NED"]
[SourceTitle "playchess.com"]
[Source "ChessBase"]
[SourceQuality "1"]
[TimeControl "5400+30"]

1. e4 e5 2. Nf3 Nc6 3. Bc4 Bc5 4. O-O Nf6 5. Nc3 O-O 6. d3 h6 7. Be3 Bb6 8. d4 exd4 9. Bxd4 Qe7 10. Re1 Ba5 11. e5 Nh7 12. a3 Ng5 13. Nh4 Ne6 14. Re4 Nexd4 15. Rxd4 Nxd4 16. Qxd4 Bb6 17. Qe4 Qg5 18. Bd3 Re8 19. Nd5 f5 20. Nxf5 d6 21. Nh4 Rxe5 22. Qh7+ Kf7 23. Bg6+ Ke6 24. Qg8+ Kd7 25. Qf7+ Re7 26. Nxe7 Qxe7 27. Qc4 Kd8 28. Qg8+ Kd7 29. Nf5 Qd8 30. Qxg7+ Kc6 31. Qc3+ Kd7 32. Re1 c5 33. Qd3 Qf6 34. Be8+ Kc7 35. Ne3 Be6 36. Qh7+ Kd8 37. Nd5 Qf5 38. Qe7+ Kc8 39. Nxb6+ axb6 40. Rxe6 Qd5 41. Rxd6 Qxd6 42. Qxd6 1-0

[Event "NED-ch U14 Girls 2019"]
[Site "Assen"]
[Date "2019.04.29"]
[Round "2.1"]
[White "Yeh, Nora"]
[Black "Huang, Wendy"]
[Result "0-1"]
[ECO "D02"]
[WhiteElo "1529"]
[BlackElo "1586"]
[Annotator "NA RC"]
[PlyCount "96"]
[EventDate "2019.04.28"]
[EventType "swiss"]
[EventCountry "NED"]
[SourceTitle "playchess.com"]
[Source "ChessBase"]
[SourceQuality "1"]
[TimeControl "40/5400+30:1800+30"]

1. d4 d5 2. Nf3 Nf6 3. Bf4 c5 4. e3 Nc6 5. c4 e6 6. Nc3 Be7 7. Bd3 O-O 8. O-O b6 9. Ne5 Bb7 10. Rc1 Rc8 11. Bc2 dxc4 12. dxc5 Nxe5 13. Bxe5 Rxc5 14. Bxf6 Bxf6 15. Qxd8 Rxd8 16. Rcd1 Kf8 17. Rxd8+ Bxd8 18. Rd1 Ke7 19. Ne4 Rd5 20. Rxd5 Bxd5 21. Nc3 Bc6 22. a4 a6 23. Na2 g6 24. Nb4 Bb7 25. f3 Kd6 26. Kf2 Bf6 27. b3 Kc5 28. Na2 cxb3 29. Bxb3 Bd5 30. Bxd5 exd5 31. Ke2 Kc4 32. Kd2 Kb3 33. Nc1+ Kxa4 34. Nd3 Kb3 35. Nf4 Kc4 36. Kc2 b5 37. Nd3 b4 38. Nb2+ Bxb2 39. Kxb2 a5 40. Kc2 a4 41. g4 a3 42. Kb1 b3 43. Kc1 Kc3 44. h4 b2+ 45. Kd1 b1=Q+ 46. Ke2 Qc2+ 47. Kf1 a2 48. Kg1 a1=R# 0-1

[Event "NED-ch U14 Girls 2019"]
[Site "Assen"]
[Date "2019.04.29"]
[Round "2.2"]
[White "Honkoop, Stella"]
[Black "Morote, Luna"]
[Result "0-1"]
[ECO "A48"]
[WhiteElo "1629"]
[BlackElo "1360"]
[Annotator "NA RC"]
[PlyCount "92"]
[EventDate "2019.04.28"]
[EventType "swiss"]
[EventCountry "NED"]
[SourceTitle "playchess.com"]
[Source "ChessBase"]
[SourceQuality "1"]
[TimeControl "40/5400+30:1800+30"]

1. d4 Nf6 2. Bf4 g6 3. e3 Bg7 4. Nd2 O-O 5. h3 d6 6. Ngf3 Nbd7 7. Be2 Re8 8. c3 Nh5 9. Bh2 e5 10. Qc2 f5 11. g4 fxg4 12. hxg4 Nhf6 13. g5 Nh5 14. dxe5 dxe5 15. O-O-O Qe7 16. Ne4 Nc5 17. Nfd2 Bf5 18. Bd3 Nxd3+ 19. Qxd3 Rad8 20. Qb5 c6 21. Qc5 Qxc5 22. Nxc5 b6 23. Nce4 Rd5 24. c4 Rd7 25. Nc3 Red8 26. Nde4 Kf7 27. Rxd7+ Rxd7 28. Rd1 Rxd1+ 29. Kxd1 Ke6 30. f3 Bf8 31. Bg1 Be7 32. Ke2 Bxe4 33. Nxe4 Kf5 34. Bh2 Ng7 35. Ng3+ Kxg5 36. f4+ exf4 37. exf4+ Kg4 38. Ne4 Ne6 39. Nf2+ Kf5 40. Nd3 c5 41. a3 Bd6 42. Ke3 g5 43. b4 Bxf4+ 44. Bxf4 gxf4+ 45. Kf2 Ke4 46. Nb2 h5 0-1

[Event "NED-ch U14 Girls 2019"]
[Site "Assen"]
[Date "2019.04.29"]
[Round "2.3"]
[White "Velasco, Kathleen"]
[Black "Den Heijer, Rolinde"]
[Result "0-1"]
[ECO "B73"]
[WhiteElo "1306"]
[BlackElo "1423"]
[Annotator "NA RC"]
[PlyCount "146"]
[EventDate "2019.04.28"]
[EventType "swiss"]
[EventCountry "NED"]
[SourceTitle "playchess.com"]
[Source "ChessBase"]
[SourceQuality "1"]
[TimeControl "40/5400+30:1800+30"]

1. e4 c5 2. Nf3 d6 3. d4 cxd4 4. Nxd4 Nf6 5. Nc3 g6 6. Be2 Bg7 7. Be3 Nc6 8. O-O O-O 9. h3 a6 10. Qd2 Qc7 11. f4 Rb8 12. a4 Bd7 13. Nxc6 Bxc6 14. e5 dxe5 15. fxe5 Rbd8 16. Bd3 Qxe5 17. Rae1 Qc7 18. Qf2 Nd7 19. Bc4 e6 20. Bg5 Rc8 21. Be7 Be5 22. Bxf8 Rxf8 23. Qe3 Bd6 24. Kh1 Bxg2+ 25. Kxg2 Qxc4 26. Rd1 Bb8 27. Qe4 Qc7 28. Qf4 Qxf4 29. Rxf4 Bxf4 30. Rxd7 b6 31. Kf3 Be5 32. Rb7 Rb8 33. Rd7 Kg7 34. Ne4 h6 35. c3 Kf8 36. Nd2 Ke8 37. Ra7 a5 38. Nc4 Bh2 39. Kg2 Bf4 40. Kf3 g5 41. Ra6 Bc7 42. Ra7 Kd8 43. Na3 Kd7 44. Nc4 Kc6 45. b4 axb4 46. cxb4 Rc8 47. a5 bxa5 48. bxa5 Kc5 49. Nd2 f5 50. Ra6 Re8 51. Ra7 Kc6 52. Nc4 e5 53. a6 e4+ 54. Ke2 f4 55. Rb7 Ra8 56. Nd2 Rxa6 57. Rb2 Be5 58. Rc2+ Kd5 59. Nc4 Rc6 60. Na3 Rxc2+ 61. Nxc2 f3+ 62. Kf1 Bd4 63. Ke1 f2+ 64. Ke2 e3 65. Na3 Ke4 66. Nc4 Kf4 67. Nd6 Be5 68. Nf7 h5 69. Nh6 g4 70. hxg4 hxg4 71. Nf7 g3 72. Kf1 Bd4 73. Kg2 e2 0-1

[Event "NED-ch U14 Girls 2019"]
[Site "Assen"]
[Date "2019.04.29"]
[Round "2.4"]
[White "Mensing, Luana"]
[Black "Maris, Evi"]
[Result "1-0"]
[ECO "C50"]
[WhiteElo "1549"]
[BlackElo "1504"]
[Annotator "NA RC"]
[PlyCount "81"]
[EventDate "2019.04.28"]
[EventType "swiss"]
[EventCountry "NED"]
[SourceTitle "playchess.com"]
[Source "ChessBase"]
[SourceQuality "1"]
[TimeControl "40/5400+30:1800+30"]

1. e4 e5 2. Nf3 Nc6 3. Nc3 Nf6 4. Bc4 Bc5 5. d3 O-O 6. O-O a6 7. Bg5 Be7 8. Qd2 b5 9. Bb3 Bb7 10. Ne2 a5 11. a3 a4 12. Ba2 Ng4 13. Ng3 h6 14. Bxe7 Qxe7 15. Nf5 Qc5 16. h3 Nf6 17. b4 axb3 18. Bxb3 Rxa3 19. Nxh6+ gxh6 20. Qxh6 Nh7 21. Qg6+ Kh8 22. Bxf7 Ne7 23. Qh5 Kg7 24. Bb3 d6 25. d4 Qb4 26. dxe5 Bxe4 27. Qg4+ Kh8 28. Rxa3 Qxa3 29. Qxe4 d5 30. Bxd5 Nxd5 31. Qxd5 Rg8 32. e6 Nf6 33. Qf5 Qe7 34. Ne5 Qg7 35. Nf7+ Qxf7 36. exf7 Rf8 37. Qxf6+ Kh7 38. Re1 b4 39. Re5 Rxf7 40. Qxf7+ Kh6 41. Rh5# 1-0

[Event "NED-ch U14 Girls 2019"]
[Site "Assen"]
[Date "2019.04.29"]
[Round "2.5"]
[White "Cordes, Jule"]
[Black "Verheij, Dana"]
[Result "1/2-1/2"]
[ECO "A57"]
[WhiteElo "1564"]
[BlackElo "1377"]
[Annotator "NA RC"]
[PlyCount "76"]
[EventDate "2019.04.28"]
[EventType "swiss"]
[EventCountry "NED"]
[SourceTitle "playchess.com"]
[Source "ChessBase"]
[SourceQuality "1"]
[TimeControl "40/5400+30:1800+30"]

1. d4 Nf6 2. c4 c5 3. d5 b5 4. Qc2 e6 5. e4 Be7 6. Nc3 b4 7. Nce2 d6 8. Ng3 O-O 9. h3 a5 10. Bd3 a4 11. f4 h6 12. Nf3 Bd7 13. O-O Na6 14. Be3 Qb6 15. Qd2 Ne8 16. Nh5 Qd8 17. Nh2 exd5 18. cxd5 Bh4 19. Nf3 g6 20. f5 gxh5 21. Bxh6 Ng7 22. Nxh4 Qxh4 23. f6 Nf5 24. Bxf8 Kxf8 25. exf5 Qxf6 26. Rae1 Nc7 27. Be4 Qd4+ 28. Qxd4 cxd4 29. Rd1 Nb5 30. Bd3 f6 31. Bxb5 Bxb5 32. Rf2 d3 33. Rfd2 Rc8 34. Kf2 b3 35. axb3 axb3 36. Ke3 Re8+ 37. Kd4 Re5 38. Rf2 Kf7 1/2-1/2

[Event "NED-ch U14 Girls 2019"]
[Site "Assen"]
[Date "2019.04.29"]
[Round "2.6"]
[White "Maris, Lauri"]
[Black "Bruggink, Lyne"]
[Result "1-0"]
[ECO "B15"]
[WhiteElo "1265"]
[BlackElo "1425"]
[Annotator "NA RC"]
[PlyCount "75"]
[EventDate "2019.04.28"]
[EventType "swiss"]
[EventCountry "NED"]
[SourceTitle "playchess.com"]
[Source "ChessBase"]
[SourceQuality "1"]
[TimeControl "40/5400+30:1800+30"]

1. e4 c6 2. Nc3 d5 3. d4 e6 4. g3 Bb4 5. e5 c5 6. a3 cxd4 7. Qxd4 Nc6 8. Bb5 Bd7 9. Bxc6 Bxc3+ 10. Qxc3 Bxc6 11. Qd4 Ne7 12. Bg5 Nf5 13. Qd2 Qc7 14. Qe2 Nd4 15. Qd2 Qxe5+ 16. Be3 Nf5 17. Ne2 Qxb2 18. O-O Qf6 19. h4 Qg6 20. Kh2 e5 21. Qb4 Nxe3 22. fxe3 Qxc2 23. Rf2 Qd3 24. Qc5 Qc4 25. Qd6 Qe4 26. Rxf7 Kxf7 27. Rf1+ Qf4 28. gxf4 Rhf8 29. Qxe5 Kg8 30. Rg1 g6 31. h5 Rae8 32. Qc3 Rf5 33. Ng3 Rf7 34. h6 Ree7 35. Nh5 Re6 36. f5 d4 37. Qxd4 Re4 38. Nf6+ 1-0

[Event "NED-ch U14 Girls 2019"]
[Site "Assen"]
[Date "2019.04.29"]
[Round "2.7"]
[White "Ubbink, Anouk"]
[Black "Bogouslavskii, Veronique"]
[Result "0-1"]
[ECO "C56"]
[WhiteElo "1304"]
[BlackElo "1247"]
[Annotator "NA RC"]
[PlyCount "86"]
[EventDate "2019.04.28"]
[EventType "swiss"]
[EventCountry "NED"]
[SourceTitle "playchess.com"]
[Source "ChessBase"]
[SourceQuality "1"]
[TimeControl "40/5400+30:1800+30"]

1. e4 e5 2. Nf3 Nc6 3. d4 exd4 4. Bc4 Nf6 5. c3 Nxe4 6. cxd4 d5 7. Bb3 Be7 8. O-O O-O 9. Nc3 Nf6 10. Ne5 Bf5 11. Qf3 Nxd4 12. Qf4 Ne4 13. Qe3 Nxb3 14. axb3 d4 15. Qe2 dxc3 16. g4 cxb2 17. Bxb2 Bxg4 18. Qxg4 Nf6 19. Qg2 Qd5 20. Qxd5 Nxd5 21. Rfe1 Bd6 22. Nc4 Nb4 23. Rad1 Rad8 24. Nxd6 Rxd6 25. Rxd6 cxd6 26. Re7 Rb8 27. Ba3 Kf8 28. Rd7 Ke8 29. Rxd6 Nc6 30. Kg2 Rd8 31. Rxd8+ Kxd8 32. Bb2 g6 33. Kf3 Ke7 34. Ke4 Ke6 35. Bc1 a6 36. Be3 Na5 37. b4 Nc6 38. Bc5 Ne5 39. f4 f5+ 40. Kd4 Nf3+ 41. Ke3 Nxh2 42. Bf8 h5 43. Bh6 Ng4+ 0-1

[Event "NED-ch U14 Girls 2019"]
[Site "Assen"]
[Date "2019.04.29"]
[Round "2.8"]
[White "Jonkman Inza, Amelia Marry"]
[Black "Molanus, Eva"]
[Result "0-1"]
[ECO "D15"]
[WhiteElo "1132"]
[BlackElo "1258"]
[Annotator "NA RC"]
[PlyCount "66"]
[EventDate "2019.04.28"]
[EventType "swiss"]
[EventCountry "NED"]
[SourceTitle "playchess.com"]
[Source "ChessBase"]
[SourceQuality "1"]
[TimeControl "40/5400+30:1800+30"]

1. d4 d5 2. c4 c6 3. Nc3 Nf6 4. Nf3 Bf5 5. Bg5 e6 6. e3 Nbd7 7. Bd3 Bg6 8. O-O Bd6 9. Re1 O-O 10. e4 dxe4 11. Nxe4 Be7 12. Qd2 Bh5 13. Qf4 Nxe4 14. Bxe7 Qxe7 15. Bxe4 Nf6 16. Bc2 Rad8 17. Rad1 Qb4 18. Re3 Qxc4 19. Bb3 Qb4 20. h3 Nd5 21. Bxd5 Rxd5 22. Rb3 Qa4 23. Ra3 Qxd1+ 24. Kh2 Bxf3 25. Rxf3 Rf5 26. Qg4 Rxf3 27. gxf3 f5 28. Qg3 Qxd4 29. b3 f4 30. Qg2 Rf6 31. Qf1 Rg6 32. Qe2 Qa1 33. h4 Qg1+ 0-1

[Event "NED-ch U14 Girls 2019"]
[Site "Assen"]
[Date "2019.04.29"]
[Round "2.9"]
[White "Venema, Katja"]
[Black "Tangarife Ramirez, Katja"]
[Result "1-0"]
[ECO "B08"]
[WhiteElo "1166"]
[BlackElo "1348"]
[Annotator "NA RC"]
[PlyCount "121"]
[EventDate "2019.04.28"]
[EventType "swiss"]
[EventCountry "NED"]
[SourceTitle "playchess.com"]
[Source "ChessBase"]
[SourceQuality "1"]
[TimeControl "40/5400+30:1800+30"]

1. d4 g6 2. Nf3 Bg7 3. e4 d6 4. Bc4 Nf6 5. Nc3 O-O 6. h3 Nxe4 7. Nxe4 d5 8. Bd3 dxe4 9. Bxe4 Nd7 10. Be3 e5 11. c4 c6 12. Qd2 Nf6 13. Bc2 exd4 14. Nxd4 Re8 15. O-O-O Ne4 16. Qe2 Qf6 17. Bb3 a5 18. Ba4 Nc5 19. Qc2 Bf5 20. Nxf5 Nxa4 21. Nxg7 Rxe3 22. fxe3 b5 23. cxb5 cxb5 24. Nh5 gxh5 25. Rhf1 Qe6 26. Qb3 Qxb3 27. axb3 Nc5 28. Rf5 Rc8 29. Kb1 b4 30. Ka2 Rc7 31. Rdd5 Ne4 32. Rxa5 Rc2 33. Kb1 Rxg2 34. Rf4 Nd2+ 35. Ka2 Rg3 36. Rxb4 Rxh3 37. Rg5+ Kf8 38. Rb8+ Ke7 39. Rb7+ Kf8 40. Rf5 Rf3 41. Rxf3 Nxf3 42. Rb5 h4 43. Rf5 Ng1 44. Rf1 Ne2 45. Rh1 Ng3 46. Rxh4 Nf5 47. Rxh7 Nxe3 48. b4 Ke7 49. Kb3 Ke6 50. Rh3 Nd5 51. b5 f5 52. Rh6+ Kd7 53. Kc4 Ne3+ 54. Kd4 Nd1 55. b4 Ke7 56. b6 Kd7 57. Rh7+ Kc8 58. b7+ Kb8 59. Kc5 Ne3 60. Kc6 Ka7 61. b5 1-0

[Event "NED-ch U14 Girls 2019"]
[Site "Assen"]
[Date "2019.04.30"]
[Round "3.1"]
[White "Huang, Wendy"]
[Black "Mensing, Luana"]
[Result "1-0"]
[ECO "B93"]
[WhiteElo "1586"]
[BlackElo "1549"]
[Annotator "NA"]
[PlyCount "47"]
[EventDate "2019.04.28"]
[EventType "swiss"]
[EventCountry "NED"]
[SourceTitle "playchess.com"]
[Source "ChessBase"]
[SourceQuality "1"]
[TimeControl "40/5400+30:1800+30"]

1. e4 c5 2. Nf3 d6 3. d4 cxd4 4. Nxd4 Nf6 5. Nc3 a6 6. f4 e5 7. Nf3 Nbd7 8. a4 Qc7 9. Bd3 g6 10. fxe5 dxe5 11. O-O Bg7 12. Qe2 O-O 13. Kh1 Nc5 14. Bc4 Bg4 15. Bg5 Rac8 16. Bxf6 Bxf6 17. Nd5 Qd6 18. Rad1 Nxa4 19. Ne3 Bxf3 20. Qxf3 Qe7 21. Nd5 Qc5 22. Qxf6 Rce8 23. Nb6 Qc7 24. Rd7 1-0

[Event "NED-ch U14 Girls 2019"]
[Site "Assen"]
[Date "2019.04.30"]
[Round "3.2"]
[White "Den Heijer, Rolinde"]
[Black "Morote, Luna"]
[Result "1-0"]
[ECO "B90"]
[WhiteElo "1423"]
[BlackElo "1360"]
[Annotator "NA"]
[PlyCount "128"]
[EventDate "2019.04.28"]
[EventType "swiss"]
[EventCountry "NED"]
[SourceTitle "playchess.com"]
[Source "ChessBase"]
[SourceQuality "1"]
[TimeControl "40/5400+30:1800+30"]

1. e4 c5 2. Nf3 d6 3. d4 cxd4 4. Nxd4 Nf6 5. Nc3 a6 6. Be3 e5 7. Nf3 Be6 8. Be2 h6 9. Nd2 b5 10. f3 h5 11. Bg5 Be7 12. Bh4 Nbd7 13. a3 Qc7 14. Nb3 Rc8 15. Bd3 Nb6 16. Nd2 Qd7 17. Bf2 Nc4 18. Nxc4 Bxc4 19. Qd2 Qc6 20. O-O Nd7 21. Rac1 Be6 22. Rfd1 Nb6 23. Be2 Nc4 24. Bxc4 Bxc4 25. Be3 Be6 26. Nd5 Bxd5 27. Qxd5 Qxd5 28. Rxd5 Rc4 29. Kf2 Kd7 30. c3 Rhc8 31. Rd3 Ke6 32. Rh1 Bd8 33. Rhd1 R4c6 34. f4 Bc7 35. g3 Bb6 36. Bxb6 Rxb6 37. Ke3 g6 38. Rf1 Rb7 39. Rd2 f5 40. fxe5 dxe5 41. Rfd1 Rb6 42. Rd7 fxe4 43. Kxe4 Rc4+ 44. Ke3 h4 45. Rg7 Kf5 46. Rf7+ Kg5 47. Rg1 hxg3 48. Rxg3+ Rg4 49. Rxg4+ Kxg4 50. Ke4 Re6 51. Kd5 Re8 52. Ke4 Re6 53. Rf2 Kg5 54. Rg2+ Kf6 55. b3 Rc6 56. Rc2 a5 57. c4 a4 58. bxa4 Rxc4+ 59. Rxc4 bxc4 60. a5 c3 61. Kd3 e4+ 62. Kxc3 Kf5 63. Kd2 Kf4 64. Ke2 Kg4 1-0

[Event "NED-ch U14 Girls 2019"]
[Site "Assen"]
[Date "2019.04.30"]
[Round "3.4"]
[White "Molanus, Eva"]
[Black "Honkoop, Stella"]
[Result "0-1"]
[ECO "E94"]
[WhiteElo "1258"]
[BlackElo "1629"]
[Annotator "NA"]
[PlyCount "80"]
[EventDate "2019.04.28"]
[EventType "swiss"]
[EventCountry "NED"]
[SourceTitle "playchess.com"]
[Source "ChessBase"]
[SourceQuality "1"]
[TimeControl "40/5400+30:1800+30"]

1. Nf3 Nf6 2. d4 g6 3. c4 Bg7 4. Nc3 O-O 5. e4 d6 6. Be3 Nbd7 7. Be2 e5 8. O-O Re8 9. Qc2 Qe7 10. Rfd1 exd4 11. Rxd4 Nc5 12. Bg5 Qe6 13. Nd5 Nxd5 14. cxd5 Qd7 15. Rc4 a5 16. a4 b6 17. Nd4 Rxe4 18. Nb3 Rxc4 19. Bxc4 Nxa4 20. Qe2 Nc5 21. Nxc5 dxc5 22. Bb5 Qd6 23. Be7 Qe5 24. Bd8 Qxe2 25. Bxe2 Be5 26. Bb5 Bf5 27. Bg5 Bxb2 28. Re1 f6 29. Bh6 Be5 30. f4 Bd6 31. Bc6 Rd8 32. h3 Bf8 33. Bxf8 Kxf8 34. g4 Bd7 35. Rb1 Bxc6 36. dxc6 Rd6 37. h4 Rxc6 38. g5 f5 39. Kf2 c4 40. Ke3 Rd6 0-1